 Dungeon Crawl Stone Soup version 0.29.1-13-g9f3cf754e1 (webtiles) character file.

Game seed: 2652198366561169414

27 Thatpatchoflichen the Shooter (level 3, -6/22 HPs)
             Began as a Kobold Hunter on Jan 29, 2023.
             Killed by nerve-wracking pain
             ... invoked by an orc priest
              (10 damage)
             ... on level 6 of the Dungeon.
             The game lasted 00:03:29 (1207 turns).

Thatpatchoflichen the Shooter (Kobold Hunter)       Turns: 1207, Time: 00:03:29

Health: -6/22      AC:  3    Str: 10    XL:     3   Next: 25%
Magic:  3/3        EV: 15    Int: 10    God:
Gold:   48         SH:  0    Dex: 18    Spells: 2/2 levels left

rFire   . . .      SeeInvis .   a - +0 shortbow
rCold   . . .      Faith    .   (shield currently unavailable)
rNeg    . . .      Spirit   .   c - +0 leather armour
rPois   .          Reflect  .   (no helmet)
rElec   .          Harm     .   (no cloak)
rCorr   .          Rampage  .   (no gloves)
Will    .....                   (no boots)
Stlth   +++.......              (no amulet)
HPRegen 0.07/turn               (no ring)
MPRegen 0.08/turn               (no ring)

@: no status effects
A: small, no large weapons, nightstalker 3
a: no special abilities


You were on level 6 of the Dungeon.
You visited 1 branch of the dungeon, and saw 4 of its levels.

You collected 48 gold pieces.

Inventory:

Hand Weapons
 a - a +0 shortbow (weapon)
Missiles
 f - 6 silver boomerangs
 i - 2 atropa-tipped darts
Armour
 c - a +0 leather armour (worn)
Jewellery
 e - a ring of flight
Scrolls
 b - 2 scrolls of immolation
 h - a scroll of teleportation {unknown}
 j - 4 scrolls of identify {unknown}
Potions
 d - a potion of flight {unknown}
 g - a potion of ambrosia {unknown}
 k - a potion of might {unknown}
 l - a potion of mutation {unknown}


   Skills:
 + Level 2.6 Fighting
 + Level 5.6 Ranged Weapons
 + Level 3.0 Dodging
 + Level 2.4 Stealth


You had 2 spell levels left.
You didn't know any spells.
Your spell library contained the following spells:

 Spells                   Type           Power      Damage    Failure   Level
 Sting                    Tmut/Pois      0%         1d3       45%         1
 Poisonous Vapours        Pois/Air       0%         N/A       61%         2
 Sublimation of Blood     Necr           0%         N/A       61%         2
 Wereblood                Tmut           0%         N/A       61%         2
 Olgreb's Toxic Radiance  Pois           0%         N/A       99%         4
 Summon Hydra             Summ           0%         N/A       100%        7


Dungeon Overview and Level Annotations

Branches:
Dungeon (3/15)

Altars:

Annotations:
D:6 Pikel


Innate Abilities, Weirdness & Mutations

You are small and have problems with some larger weapons.
You are completely attuned to the shadows.


Message History

Aim: an orc priest, wielding a +0 whip (64% to hit)
You shoot an arrow. The arrow hits the orc priest.
The orc priest is moderately wounded.
The orc hits you from afar with a +0 trident.
The orc completely misses you.
An orc comes into view.
It is wielding a +0 hand axe and wearing a +1 chain mail of willpower.
The orc completely misses you.
The orc priest looks satisfied for a moment.
Fire: a) +0 shortbow
Press: ? - help, Q - select action, (/) - cycle Shift-Dir - straight line, f/p - orc priest
Aim: an orc priest, wielding a +0 whip (moderately wounded, 64% to hit)
You shoot an arrow. The arrow barely misses the orc priest.
The arrow barely misses the orc.
The orc misses you. The orc priest hits you with a +0 whip.
The orc hits you from afar with a +0 trident.
Fire: a) +0 shortbow
Press: ? - help, Q - select action, (/) - cycle Shift-Dir - straight line, f/p - orc priest
Aim: an orc priest, wielding a +0 whip (moderately wounded, 64% to hit)
You shoot an arrow. The arrow hits the orc priest.
The orc priest is severely wounded.
You hear a shout!
The orc hits you with a +0 short sword. The orc priest barely misses you.
The orc barely misses you.
Fire: a) +0 shortbow
Press: ? - help, Q - select action, (/) - cycle Shift-Dir - straight line, f/p - orc priest
Aim: an orc priest, wielding a +0 whip (severely wounded, 64% to hit)
You shoot an arrow. The arrow barely misses the orc priest.
The arrow hits the orc!
You kill the orc!
Pikel, Merchant of Souls comes into view.
He is wielding a +1 whip of flaming.
The orc hits you but does no damage. The orc priest barely misses you.
Fire: a) +0 shortbow
Press: ? - help, Q - select action, (/) - cycle Shift-Dir - straight line, f/p - orc priest
Aim: an orc priest, wielding a +0 whip (severely wounded, 64% to hit)
You shoot an arrow. The arrow barely misses the orc priest.
The orc hits you with a +0 short sword.
* * * LOW HITPOINT WARNING * * *
The orc priest mumbles some strange prayers to Beogh against you.
Pain shoots through your body!
You die...

..##'#####.#.####......##..
.. #.#.........###+######.#
#.......................
#.#.###.#.#.###.######..
#.#.# #.#.#.###.####....
... # #...<..........#.#
#..## #.###.###.####.#.#
.... #.# #<# #.# #.#.# #@#
### #.# #.#.# ...ooo..# #.#
#.#.# ..).....# ..K.....#
........#


You could see Pikel, an orc priest and 2 orcs.

Vanquished Creatures
  A worm (D:2)
  2 orcs (D:6)
  2 bats (D:1)
  2 endoplasms (D:1)
  3 giant cockroaches (D:1)
  2 hobgoblins (D:1)
  A quokka (D:1)
  2 ball pythons (D:1)
  2 frilled lizards (D:2)
  A goblin (D:1)
  3 rats (D:1)
21 creatures vanquished.

Notes
Turn   | Place    | Note
-------+----------+-------------------------------------------
     0 | D:1      | Thatpatchoflichen the Kobold Hunter began the quest for the
                  | Orb.
     0 | D:1      | Reached XP level 1. HP: 12/12 MP: 1/1
   143 | D:1      | Reached XP level 2. HP: 18/18 MP: 2/2
   880 | D:2      | Reached XP level 3. HP: 14/22 MP: 3/3
  1068 | D:3      | You fall into a shaft and drop 3 floors!
  1206 | D:6      | Noticed Pikel
  1207 | D:6      | Killed from afar by an orc priest

Illustrated notes

Levels and vault maps discovered:
D:1:      dpeg_arrival_short_road, layout_loops_cross, minmay_strange_pillars,
          nrook_campfire
D:2:      layout_loops_ring, uniq_sigmund
D:3:      layout_basic, hellmonk_ghost_happy_afterlife
D:6:      layout_basic, overflow_temple_1_default, marbit_many_paths,
          minmay_temple_entry_trees, uniq_pikel, uniq_eustachio, uniq_edmund

Skill      XL: |  1  2  3 |
---------------+----------+-----
Stealth        | 2 |  2.4
Dodging        | 3 |  3.0
Fighting       | |  2.6
Ranged Weapons | |  5.6

Action                   || total
-------------------------++-------
 Fire: Shortbow          ||    44
Armor: Leather armour    ||     9
Dodge: Dodged            ||    31
